 Dungeon Crawl Stone Soup version 0.26.1-11-gd32895ea62 (webtiles) character file.

Game seed: 2636713594716554561

25 IcyTea the Caller (level 2, 0/20 HPs)
             Began as a Draconian Summoner on May 7, 2021.
             Slain by an adder (3 damage)
             ... on level 2 of the Dungeon.
             The game lasted 00:03:53 (1688 turns).

IcyTea the Caller (Draconian Summoner)              Turns: 1688, Time: 00:03:54

Health: 0/20       AC:  5    Str: 10    XL:     2   Next: 82%
Magic:  1/5        EV: 12    Int: 15    God:
Gold:   120        SH:  0    Dex: 11    Spells: 2/5 levels left

rFire    . . .     SeeInvis .   c - +1 short sword
rCold    . . .     Faith    .   (no shield)
rNeg     . . .     Spirit   .   (armour unavailable)
rPois    .         Reflect  .   (helmet restricted)
rElec    .         Harm     .   (no cloak)
rCorr    .         Rampage  .   (no gloves)
Will     .....                  f - +0 pair of boots
Stlth    ++........             (no amulet)
HPRegen  0.06/turn              (no ring)
MPRegen  0.09/turn              (no ring)

@: no status effects
A: unfitting armour, cold-blooded, AC +4
a: no special abilities


You were on level 2 of the Dungeon.
You visited 1 branch of the dungeon, and saw 2 of its levels.

You collected 120 gold pieces.

Inventory:

Hand Weapons
 c - a +1 short sword (weapon)
Missiles
 g - 2 boomerangs
Armour
 f - a +0 pair of boots (worn)
Jewellery
 a - an uncursed amulet of magic regeneration {unknown}
Scrolls
 d - 2 scrolls of identify {unknown}
Potions
 b - a potion of berserk rage {unknown}
 e - a potion of attraction {unknown}


   Skills:
 - Level 1.7 Dodging
 - Level 1.7 Stealth
 - Level 2.0 Spellcasting
 + Level 4.9 Summonings


You had 2 spell levels left.
You knew the following spells:

 Your Spells              Type           Power        Failure   Level
a - Summon Small Mammal   Summ           64%          3%          1
b - Call Imp              Summ           16%          4%          2

Your spell library contained the following spells:

 Spells                   Type           Power        Failure   Level
 Call Canine Familiar     Summ           16%          9%          3
 Summon Guardian Golem    Hex/Summ       8%           24%         3
 Summon Ice Beast         Ice/Summ       8%           63%         4
 Summon Lightning Spire   Summ/Air       8%           63%         4


Dungeon Overview and Level Annotations

Branches:
Dungeon (2/15)

Altars:


Innate Abilities, Weirdness & Mutations

Your plain brown scales are hard. (AC +4)
You cannot fit into any form of body armour.
You are cold-blooded and may be slowed by cold attacks.


Message History

The bullfrog closely misses your shadow imp.
Your crimson imp blinks!
You swap places.
The adder bites your quokka but does no damage.
The goblin barely misses your quokka. The adder bites your quokka.
Your quokka bites the adder but does no damage.
The bullfrog hits your shadow imp.
Your shadow imp closely misses the bullfrog.
The goblin barely misses your quokka.
The bullfrog closely misses your shadow imp.
Your quokka misses the adder. The bullfrog hits your shadow imp.
Your shadow imp hits the bullfrog.
The goblin misses your quokka. The bullfrog hits your shadow imp.
You hit the adder.
The adder is heavily wounded.
The adder barely misses you.
Your quokka misses the adder.
Your shadow imp misses the bullfrog.
The bullfrog hits your shadow imp.
Your shadow imp dies!
The adder bites you.
You die...

#........#...#.#
#).......#...#
#........#####
#..F.......#
#........#.#
#.5......#.#
#.g......#.#######
#..rS....#.##....#
#...@....#.##.##.#
######.#.#.#...#.#
#.#.#.....#.#
###.#.###.#.#.##
#..<#.###.#....#
#.#.....#.######
#.###..##.#
#.........#
####.#.####


You could see a bullfrog (unaware), an adder, a goblin, a friendly crimson imp
(summoned) and a friendly quokka (summoned).

Vanquished Creatures
  An adder skeleton (D:2)
  2 giant cockroaches (D:1)
  A hobgoblin (D:1)
  4 kobolds (D:1)
  A ball python (D:1)
9 creatures vanquished.

Vanquished Creatures (collateral kills)
  2 dart slugs (D:1)
  A ball python (D:1)
  2 bats (D:1)
  A giant cockroach (D:2)
  A goblin (D:1)
  3 hobgoblins (D:1)
  4 jackals (D:1)
14 creatures vanquished.

Grand Total: 23 creatures vanquished

Notes
Turn   | Place    | Note
-------+----------+-------------------------------------------
     0 | D:1      | IcyTea the Draconian Summoner began the quest for the Orb.
     0 | D:1      | Reached XP level 1. HP: 14/14 MP: 3/3
   546 | D:1      | Reached XP level 2. HP: 19/20 MP: 0/5
   558 | D:1      | Learned a level 2 spell: Call Imp
  1667 | D:2      | Noticed a bullfrog
  1688 | D:2      | Slain by an adder

Illustrated notes

Levels and vault maps discovered:
D:1:      ncdulo_smallfort, layout_basic, hangedman_decor_clover_reticule,
          st_stairs_9, minivault_11
D:2:      layout_basic, grunt_ministairs_13, minmay_hexomino_r4, uniq_robin,
          uniq_crazy_yiuf_cottage

Action                   || total
-------------------------++-------
Melee: Club              ||    17
       Unarmed           ||     4
       Short sword       ||    47
       Tailslap          ||     1
 Cast: Summon Small Mamm ||     9
       Call Imp          ||     3
  Use: Scroll            ||     1
Armor: Skin              ||    29
Dodge: Dodged            ||    52
